 Dungeon Crawl Stone Soup version 0.22.1-2-g9c5b331383 (webtiles) character file.

13703 Ihlosi the Covert (level 12, -1/70 HPs)
             Began as a Kobold Enchanter on Dec 29, 2018.
             Was a Priest of Sif Muna.
             Slain by a two-headed ogre
             ... wielding a +0 giant club
              (14 damage)
             ... on level 11 of the Dungeon on Dec 30, 2018.
             The game lasted 00:54:48 (16161 turns).

Ihlosi the Covert (Kobold Enchanter)               Turns: 16161, Time: 00:54:48

Health: -1/70      AC:  7    Str:  7    XL:     12   Next: 36%
Magic:  25/25      EV: 22    Int: 21    God:    Sif Muna [***...]
Gold:   639        SH:  0    Dex: 23    Spells: 14/29 levels left

rFire    + . .     SeeInvis .   a - +3 dagger
rCold    . . .     Gourm    .   (shield restricted)
rNeg     . . .     Faith    .   F - +0 robe {rF+}
rPois    .         Spirit   .   (no helmet)
rElec    .         Reflect  .   c - +1 cloak
rCorr    .         Harm     .   t - +0 pair of gloves
MR       +....                  w - +0 pair of boots
Stlth    +++++.....             (no amulet)
HPRegen  0.21/turn              g - +5 ring of dexterity
MPRegen  0.19/turn              j - ring of protection from magic

@: no status effects
A: small, claws 1, thin skeletal structure 1, carnivore, clever 1, shaggy fur 1
a: Divine Energy, Channel Magic, Renounce Religion


You were on level 11 of the Dungeon.
You worshipped Sif Muna.
Sif Muna was most pleased with you.
You were completely stuffed.

You visited 2 branches of the dungeon, and saw 12 of its levels.
You also visited: Sewer.

You collected 639 gold pieces.

Inventory:

Hand Weapons
 a - a +3 dagger (weapon)
 f - a +1 whip of electrocution
 z - a +0 scimitar
 B - the +7 mace of Variability {chain chaos}
   (You found it on level 8 of the Dungeon)

   Each time it hits an enemy it has a different, random effect.
 O - a +1 antimagic dagger
 Q - a +5 dagger of draining
Missiles
 i - 75 bolts
 r - 32 poisoned needles
 C - 2 throwing nets (quivered)
Armour
 b - a +0 buckler
 c - a +1 cloak (worn)
 t - a +0 pair of gloves (worn)
 w - a +0 pair of boots (worn)
 F - a +0 robe of fire resistance (worn)
 L - a +3 leather armour
 R - a cursed +0 plate armour
Jewellery
 g - a +5 ring of dexterity (left hand)
 j - a ring of protection from magic (right hand)
 A - an uncursed ring of flight
 E - the ring of the Harvest {Str-2 Int+5 Stlth-}
   (You found it on level 8 of the Dungeon)

   [ring of attention]

   It affects your strength (-2).
   It affects your intelligence (+5).
   It makes you less stealthy.
Wands
 y - a wand of enslavement (7)
 G - a wand of random effects (36)
 I - a wand of digging (20)
 J - a wand of paralysis (14)
 N - a wand of flame (21)
 P - a wand of polymorph (8)
Scrolls
 e - 6 scrolls of teleportation
 m - a scroll of silence {unknown}
 n - 4 scrolls of enchant armour
 q - 4 scrolls of remove curse
 s - 4 scrolls of fog
 H - a scroll of fear
 K - 2 scrolls of amnesia
 M - 4 scrolls of identify
 S - a scroll of magic mapping {unknown}
Potions
 h - 4 potions of curing
 k - 3 potions of flight
 l - 2 potions of resistance
 o - a potion of agility
 p - a potion of brilliance
 u - 2 potions of invisibility
 v - 2 potions of might
 x - 2 potions of mutation
 D - a potion of ambrosia
Comestibles
 d - 24 rations
 T - 2 chunks of flesh


   Skills:
 * Level 6.2 Fighting
 * Level 8.7 Short Blades
 - Level 1.0 Armour
 * Level 8.1 Dodging
 - Level 10.0 Stealth
 * Level 2.6 Shields
 - Level 9.0 Spellcasting
 * Level 5.3 Conjurations
 - Level 9.0 Hexes
 * Level 5.3 Evocations


You had 14 spell levels left.
You knew the following spells:

 Your Spells              Type           Power        Failure   Level  Hunger
a - Dazzling Spray        Conj/Hex       #####.       1%          3    None
b - Ensorcelled Hibernat  Hex/Ice        ####..       1%          2    None
c - Confuse               Hex            #####...     1%          3    None
d - Corona                Hex            #####..      1%          1    None
e - Tukima's Dance        Hex            #####...     1%          3    None
f - Mephitic Cloud        Conj/Pois/Air  ###.....     11%         3    None

Your spell library contained the following spells:

 Spells                   Type           Power        Failure   Level  Hunger
 Sting                    Conj/Pois      ###.         2%          1    None
 Throw Frost              Conj/Ice       ###...       3%          2    None
 Beastly Appendage        Tmut           #.....       7%          1    None
 Freeze                   Ice            #...         7%          1    None
 Poisonous Vapours        Pois/Air       #.....       11%         2    None
 Sticks to Snakes         Tmut           #.......     11%         2    None
 Ozocubu's Armour         Chrm/Ice       #.......     22%         3    None
 Spider Form              Tmut/Pois      #.........   22%         3    None
 Throw Icicle             Conj/Ice       ###.....     24%         4    ##.....
 Venom Bolt               Conj/Pois      ###.......   54%         5    #####..
 Ice Form                 Ice/Tmut       #.......     56%         4    ##.....
 Olgreb's Toxic Radiance  Pois           #.......     56%         4    ##.....
 Summon Ice Beast         Ice/Summ       #.......     56%         4    ##.....
 Blade Hands              Tmut           #.........   89%         5    #####..


Dungeon Overview and Level Annotations

Branches:
Dungeon (11/15)            Temple (1/1) D:6            Lair (0/6) D:11
    Orc (0/2) D:9

Altars:
Ashenzari
Cheibriados
Dithmenos
Elyvilon
Fedhas
Gozag
Hepliaklqana
Kikubaaqudgha
Makhleb
Nemelex Xobeh
Okawaru
Qazlal
Ru
Sif Muna
Trog
Uskayaw
Vehumet
Wu Jian
Xom
Yredelemnul
Zin
The Shining One

Shops:
D:4 (   D:6 *

Annotations:
D:6 exclusion: howler monkey, Grinder


Innate Abilities, Weirdness & Mutations

You are small and have problems with some larger weapons.
You are carnivorous and can eat meat at any time.
You have sharp fingernails.
You have a somewhat thin skeletal structure. (Dex +2, Stealth)
Your mind is acute. (Int +2)
You are covered in fur. (AC +1)


Message History

Confirm with . or Enter, or press ? or * to list all spells.
Aiming: Confuse (safe; 1% risk of failure)
Press: ? - help, Shift-Dir - straight line, f/p - two-headed ogre
Aim: a two-headed ogre, wielding a giant club and a giant spiked club (lightly The two-headed ogre resists with significant effort.
The two-headed ogre hits you with a giant club!!
* * * LOW HITPOINT WARNING * * *
The two-headed ogre hits you with a giant spiked club!
* * * LOW HITPOINT WARNING * * *
There is an open door here.
Okay, then.
You see here 2 large rocks.
Things that are here:
a giant spiked club x2
As you read the scroll of fear, it crumbles to dust.
You assume a fearsome visage.
The two-headed ogre resists with some effort.
The two-headed ogre completely misses you.
The two-headed ogre hits you with a giant spiked club!
You die...

....# #...........# ....#
#...........# ....#
#######.....# ....# #.#...#
....# #.#...# ....# #.#...#
....# #.#...#
#######+########+####+#.....#
...............O@...........#
.........#####....)<........#
.........# #...))#........#
.........# #.....#....##..#
.........# #.....#....##..#
.........# ##.....#....##..#
............................#
#############################


You could see a two-headed ogre.

Vanquished Creatures
  Josephine (D:9)
  3 two-headed ogres
  Pikel (D:5)
  An ugly thing (D:10)
  Grum (D:8)
  A cyclops (D:11)
  A komodo dragon (D:11)
  2 trolls
  Prince Ribbit (D:9)
  A hippogriff (D:7)
  A shadow (D:9)
  3 wraiths (D:10)
  4 yaks (D:10)
  2 chaos spawn (D:8)
  A hungry ghost (D:9)
  4 wargs (D:9)
  A soldier ant (D:10)
  5 phantoms
  4 sky beasts
  A hornet zombie (D:11)
  3 ice beasts
  10 ogres
  A black bear (D:9)
  6 orc warriors
  2 wolves (D:8)
  4 centaurs
  A crocodile (D:11)
  5 bullfrogs
  6 scorpions
  9 killer bees
  9 wights
  A crimson imp (D:9)
  A centaur zombie (D:8)
  2 howler monkeys (D:7)
  A bullfrog zombie (D:7)
  A gnoll shaman (D:5)
  2 bullfrog skeletons (D:5)
  An orc priest (D:10)
  4 hounds
  3 jellies
  8 orc wizards
  2 centaur skeletons
  An iguana (D:11)
  8 worker ants
  A hound zombie (D:11)
  A hound skeleton (D:7)
  13 gnolls
  13 adders
  2 shadow imps
  6 oozes
  2 adder zombies
  2 adder skeletons
  5 worms
  2 dart slugs
  11 leopard geckos
  38 orcs
  13 bats
  12 giant cockroaches
  8 goblins
  7 hobgoblins
  6 jackals
  3 kobolds
  3 quokkas
  8 frilled lizards
  A jackal zombie (D:5)
  A leopard gecko skeleton (D:7)
  8 rats
  A spectral orc (D:5)
297 creatures vanquished.

Vanquished Creatures (collateral kills)
  An ice beast (D:8)
  A wolf (D:8)
  A gnoll (D:7)
3 creatures vanquished.

Vanquished Creatures (others)
  A slave (D:5)
  A worker ant (D:7)
  A gnoll (D:5)
  An adder (D:5)
  An adder zombie (D:5)
  An orc (D:7)
6 creatures vanquished.

Grand Total: 306 creatures vanquished

Notes
Turn   | Place    | Note
-------+----------+-------------------------------------------
     0 | D:1      | Ihlosi the Kobold Enchanter began the quest for the Orb.
     0 | D:1      | Reached XP level 1. HP: 10/10 MP: 3/3
   240 | D:1      | Reached XP level 2. HP: 15/15 MP: 5/5
   934 | D:1      | Reached XP level 3. HP: 10/20 MP: 6/6
  1393 | D:1      | Learned a level 2 spell: Ensorcelled Hibernation
  1397 | D:1      | Learned a level 3 spell: Confuse
  1445 | D:2      | Found a bloodstained altar of Trog.
  2120 | D:2      | Reached XP level 4. HP: 24/24 MP: 7/7
  2413 | D:2      | Found a burning altar of Makhleb.
  2833 | D:3      | Reached skill level 1 in Fighting
  2898 | D:3      | Reached XP level 5. HP: 29/29 MP: 1/8
  3833 | D:4      | Reached skill level 1 in Armour
  3981 | D:4      | Reached skill level 5 in Stealth
  3981 | D:4      | Reached XP level 6. HP: 34/34 MP: 8/10
  4039 | D:4      | Found a glowing drain.
  4132 | Sewer    | Entered a sewer
  5406 | D:4      | Gained mutation: You have a somewhat thin skeletal
                  | structure. (Dex +2, Stealth) [potion of mutation]
  5406 | D:4      | Gained mutation: You are covered in fur. (AC +1) [potion of
                  | mutation]
  5406 | D:4      | Gained mutation: Your mind is acute. (Int +2) [potion of
                  | mutation]
  5406 | D:4      | Gained mutation: You have sharp fingernails. [potion of
                  | mutation]
  5810 | D:4      | Found Akhusurro's Weapon Shop.
  5810 | D:4      | Noticed an ogre
  5868 | D:5      | Entered Level 5 of the Dungeon
  5868 | D:5      | Noticed Pikel
  5868 | D:5      | Noticed a slave
  5868 | D:5      | Noticed a slave
  5868 | D:5      | Noticed a slave
  5868 | D:5      | Noticed a slave
  5870 | D:5      | Noticed an ogre
  5877 | D:5      | Killed Pikel
  5877 | D:5      | Reached skill level 5 in Short Blades
  5877 | D:5      | Reached skill level 7 in Stealth
  5877 | D:5      | Reached XP level 7. HP: 40/40 MP: 4/11
  5877 | D:5      | Reached XP level 8. HP: 45/45 MP: 4/12
  6014 | D:5      | Reached skill level 8 in Stealth
  6019 | D:5      | Reached skill level 5 in Dodging
  6134 | D:5      | Learned a level 3 spell: Dazzling Spray
  6138 | D:5      | Learned a level 3 spell: Tukima's Dance
  6540 | D:5      | Reached skill level 9 in Stealth
  6715 | D:5      | Reached skill level 1 in Conjurations
  6727 | D:5      | Reached skill level 5 in Hexes
  6769 | D:5      | Found a hazy altar of Hepliaklqana.
  6771 | D:5      | Found a sparkling altar of Nemelex Xobeh.
  6844 | D:5      | Reached XP level 9. HP: 50/50 MP: 10/13
  7184 | D:5      | Found a basalt altar of Yredelemnul.
  7528 | D:6      | Found Zin's Purification Station.
  7793 | D:6      | Found a glowing silver altar of Zin.
  8270 | D:6      | Found a staircase to the Ecumenical Temple.
  8622 | D:6      | Noticed Grinder
  8736 | D:6      | Found an opulent altar of Gozag.
  9043 | D:6      | Found a shattered altar of Ashenzari.
  9067 | D:6      | Found a shadowy altar of Dithmenos.
  9189 | Temple   | Entered the Ecumenical Temple
  9333 | Temple   | Became a worshipper of Sif Muna the Loreminder
  9452 | D:7      | HP: 1/52 [ogre/giant club (30)]
  9810 | D:7      | Reached skill level 5 in Spellcasting
  9919 | D:7      | Reached skill level 1 in Evocations
  9928 | D:7      | Reached XP level 10. HP: 54/56 MP: 10/17
 10402 | D:7      | Learned a level 3 spell: Mephitic Cloud
 10671 | D:7      | Reached * piety under Sif Muna
 10793 | D:7      | Reached skill level 10 in Stealth
 10869 | D:8      | Noticed Grum
 10897 | D:8      | Killed Grum
 10899 | D:8      | Got a wavering granite ring
 11073 | D:7      | Identified the ring of the Harvest {Str-2 Int+5 Stlth-}
                  | (You found it on level 8 of the Dungeon)
 11270 | D:8      | Found a shimmering altar of Xom.
 11306 | D:8      | Found the +7 mace of Variability {chain chaos}
 12406 | D:9      | Reached XP level 11. HP: 62/62 MP: 20/20
 12445 | D:9      | Found a white marble altar of Elyvilon.
 12446 | D:9      | Noticed Prince Ribbit
 12447 | D:9      | Found an ancient bone altar of Kikubaaqudgha.
 12481 | D:9      | Killed Prince Ribbit
 12481 | D:9      | Reached skill level 5 in Fighting
 12737 | D:9      | Reached ** piety under Sif Muna
 12862 | D:9      | Found a staircase to the Orcish Mines.
 12875 | D:9      | Reached skill level 1 in Shields
 13102 | D:9      | Noticed a two-headed ogre
 13106 | D:9      | Killed a two-headed ogre
 13391 | D:10     | Entered Level 10 of the Dungeon
 13391 | D:10     | Noticed Josephine
 13442 | D:10     | Noticed a two-headed ogre
 13452 | D:10     | Killed a two-headed ogre
 13608 | D:9      | Killed Josephine
 14319 | D:10     | Reached *** piety under Sif Muna
 14805 | D:10     | Reached skill level 5 in Conjurations
 14805 | D:10     | Reached XP level 12. HP: 30/69 MP: 18/24
 15799 | D:11     | Found a staircase to the Lair.
 15822 | D:11     | Reached skill level 5 in Evocations
 15945 | D:11     | Noticed a two-headed ogre
 15950 | D:11     | Killed a two-headed ogre
 16073 | D:11     | Noticed a two-headed ogre
 16110 | D:11     | HP: 2/70 [two-headed ogre/giant club (16)]
 16161 | D:11     | Slain by a two-headed ogre

Skill      XL: |  1  2  3  4  5  6  7  8  9 10 11 12 |
---------------+-------------------------------------+-----
Short Blades   | 2 3 5 6 7 8 |  8.7
Dodging        | 3 4 5 6 7 8 |  8.1
Fighting       | 1 2 3 4 5 6 |  6.2
Armour         | 1 |  1.0
Stealth        | 5 7 9 10 | 10.0
Spellcasting   | 3 5 6 8 9 |  9.0
Hexes          | 4 5 6 7 8 9 |  9.0
Conjurations   | 1 3 4 5 |  5.3
Evocations     | 1 3 4 5 |  5.3
Shields        | 2 |  2.6

Action                   |  1- 3 |  4- 6 |  7- 9 | 10-12 || total
-------------------------+-------+-------+-------+-------++-------
Melee: Dagger            |   160 |   298 |   192 |   261 ||   911
 Cast: Ensorcelled Hiber |     3 |    33 |    61 |   121 ||   218
       Corona            |     2 |       |       |     1 ||     3
       Confuse           |       |       |    24 |    29 ||    53
       Dazzling Spray    |       |       |       |    41 ||    41
Evoke: Wand              |       |       |     5 |     7 ||    12
  Use: Scroll            |     3 |     8 |     3 |     8 ||    22
       Potion            |     3 |     7 |     1 |     3 ||    14
 Stab: Sleeping          |     8 |    27 |    41 |    98 ||   174
       Confused          |       |       |    12 |    14 ||    26
       Distracted        |       |       |     3 |     1 ||     4
       Invisible         |       |       |     2 |     2 ||     4
       Paralysed         |       |       |       |     2 ||     2
  Eat: Chunk             |    10 |    14 |    11 |    28 ||    63
Armor: Robe              |    26 |    66 |    30 |    29 ||   151
Dodge: Dodged            |   119 |   313 |   155 |   244 ||   831
